cohdb
Replays
Latest Replays
All Replays
Popular Replays
Top Player Replays
Match Explorer
How It Works
Community
CoH3 Stats
Reddit
Sign in to upload your games and track your stats! →
Sign in with Steam
Match 41508813
Unlisted
Match 41508813
Overview
Messages
Build Orders
End
Royal Engineer Section
Construct Section Command Post
Infantry Section
Selects Indian Artillery Battlegroup
Infantry Section
Grenade Package
Infantry Section
Construct Platoon Command Post
Construct Field Infirmary
BIOHAZARD
Nikname2303
0
0
Comments
sign in to comment!
No comments posted yet!